 Dungeon Crawl Stone Soup version 0.30.0-15-g856e2d3f33 (webtiles) character file.

Game seed: 4695363612293582228

4746 Daunt the Fighter (level 10, -12/83 HPs)
             Began as a Demonspawn Summoner on May 18, 2023.
             Was a Believer of Kikubaaqudgha.
             Killed by divine providence
             ... invoked by a smoke demon
              (13 damage)
             ... on level 2 of the Abyss.
             The game lasted 00:53:48 (8780 turns).

Daunt the Fighter (Demonspawn Summoner)             Turns: 8780, Time: 00:53:49

Health: -12/83     AC:  7    Str:  8    XL:     10   Next: 23%
Magic:  8/16       EV: 11    Int: 21    God:    Kikubaaqudgha [**....]
Gold:   519        SH:  5    Dex: 14    Spells: 7/17 levels left

rFire   + + .        a - +4 spear (venom)
rCold   . . .        K - +0 buckler
rNeg    . . .        u - +0 leather armour {rF+}
rPois   .            d - +1 helmet
rElec   .            v - +0 cloak
rCorr   +            z - +0 pair of gloves
SInv    .            (no boots)
Will    .....        (no amulet)
Stlth   ++           A - ring of protection from fire
HPRegen 0.33/turn    q - ring of resist corrosion
MPRegen 0.15/turn

%: no passive effects
@: no status effects
A: claws 1, demonic guardian 2, ignite blood 2
a: Renounce Religion, Unearth Wretches


You were on level 2 of the Abyss.
You worshipped Kikubaaqudgha.
Kikubaaqudgha was pleased with you.
You visited 2 branches of the dungeon, and saw 10 of its levels.
You visited the Abyss 1 time.

You collected 519 gold pieces.

Inventory:

Hand Weapons
 a - a +4 spear of venom (weapon)
Missiles
 f - 4 throwing nets
 k - 72 stones
 o - 6 boomerangs
 y - 6 poisoned darts
 H - 2 curare-tipped darts
Armour
 d - a +1 helmet (worn)
 u - a +0 leather armour of fire resistance (worn)
 v - a +0 cloak (worn)
 z - a +0 pair of gloves (worn)
 G - a +0 robe
 K - a +0 buckler (worn)
Jewellery
 q - a ring of resist corrosion (right hand)
 A - a ring of protection from fire (left hand)
Wands
 F - a wand of paralysis (4)
 L - a wand of flame (12)
Scrolls
 c - 2 scrolls of enchant armour {unknown}
 e - 2 scrolls of immolation
 h - a scroll of summoning {unknown}
 j - 3 scrolls of fear {unknown}
 n - 3 scrolls of noise {unknown}
 p - a scroll of silence {unknown}
 w - a scroll of vulnerability {unknown}
 C - 2 scrolls of fog {unknown}
 D - a scroll of torment {unknown}
 I - 2 scrolls of magic mapping {unknown}
 M - a scroll of poison {unknown}
Potions
 b - a potion of magic
 i - a potion of ambrosia {unknown}
 l - 2 potions of flight
 m - a potion of heal wounds
 r - 2 potions of brilliance
 s - a potion of mutation
 t - 5 potions of curing {unknown}
 x - 3 potions of cancellation
 B - a potion of haste {unknown}
 E - 2 potions of berserk rage {unknown}
 J - a potion of might {unknown}


   Skills:
 - Level 9.1 Fighting
 - Level 5.1 Polearms
 - Level 2.0 Armour
 - Level 3.0 Dodging
 + Level 4.2 Stealth
 - Level 3.1 Shields
 - Level 4.0 Spellcasting
 - Level 3.0 Hexes
 - Level 6.0 Summonings
 - Level 5.0 Necromancy


You had 7 spell levels left.
You knew the following spells:

 Your Spells              Type           Power      Damage    Failure   Level
a - Summon Small Mammal   Summ           100%       N/A       2%          1
c - Call Canine Familiar  Summ           29%        N/A       7%          3
g - Summon Guardian Gole  Hex/Summ       23%        N/A       12%         3
i - Call Imp              Summ           58%        N/A       3%          2
n - Necrotise             Necr           100%       1d9       3%          1

Your spell library contained the following spells:

 Spells                   Type           Power      Damage    Failure   Level
 Sublimation of Blood     Necr           25%        N/A       4%          2
 Kiss of Death            Conj/Necr      56%        2d9       10%         1
 Cigotuvi's Dreadful Rot  Necr/Pois/Air  22%        N/A       21%         2
 Foxfire                  Conj/Fire      16%        2x1d4     26%         1
 Sandblast                Erth           8%         2d5       26%         1
 Dispel Undead            Necr           25%        3d12      32%         4
 Passwall                 Tmut/Erth      3%         N/A       36%         2
 Wereblood                Tmut           4%         N/A       36%         2
 Summon Lightning Spire   Summ/Air       16%        N/A       58%         4
 Ignite Poison            Fire/Tmut/Pois 4%         N/A       61%         3
 Stone Arrow              Conj/Erth      8%         3d7       61%         3
 Teleport Other           Tloc           4%         N/A       61%         3
 Leda's Liquefaction      Hex/Erth       5%         N/A       80%         4
 Sticky Flame             Conj/Fire      4%         2d3       95%         4
 Death Channel            Necr           12%        N/A       99%         6
 Fireball                 Conj/Fire      2%         3d4       100%        5
 Plasma Beam              Fire/Air       2%         2x1d13    100%        6
 Starburst                Conj/Fire      2%         6d3       100%        6
 Summon Hydra             Summ           14%        N/A       100%        7
 Ignition                 Fire           2%         3d3       100%        8


Dungeon Overview and Level Annotations

Branches:
Dungeon (9/15)             Temple (1/1) D:4
   Lair: D:8-11         Orc: D:9-12

Altars:
Ashenzari
Cheibriados
Dithmenos
Gozag
Hepliaklqana
Kikubaaqudgha
Makhleb
Okawaru
Qazlal
Ru
Sif Muna
Trog
Uskayaw
Vehumet
Wu Jian
Xom
Yredelemnul

Shops:
D:5 :   D:8 (


Innate Abilities, Weirdness & Mutations

You have sharp fingernails.
A demonic guardian rushes to your aid.
Your demonic aura often causes spilled blood to erupt in flames.


Message History

The smoke demon hits you but does no damage.
You block the smoke demon's attack.
The smoke demon hits you but does no damage.
Your hellwing hits the thrashing horror!
Your hellwing hits the thrashing horror but does no damage.
Unknown command.
Unknown command.
A quasit comes into view.
The thrashing horror is engulfed in blazing flames.
The thrashing horror tramples you but does no damage.
The thrashing horror tramples you.
* * * LOW HITPOINT WARNING * * *
You stumble backwards!
The smoke demon gestures at you. Something smites you!
* * * LOW HITPOINT WARNING * * *
Unknown command.
Unknown command.
The thrashing horror attacks as you move away!
The thrashing horror tramples you.
* * * LOW HITPOINT WARNING * * *
The thrashing horror tramples you but does no damage.
The thrashing horror tramples you.
* * * LOW HITPOINT WARNING * * *
You hold your ground!
You block the thrashing horror's attack.
Unknown command.
Unknown command.
Casting: Summon Guardian Golem (dangerous; 12% risk of failure)
Confirm with . or Enter, or press ? or * to list all spells.
A guardian golem appears, shielding your allies.
The quasit gives a chilling moan.
Your guardian golem disappears in a puff of smoke!
The thrashing horror misses you. The thrashing horror tramples you.
* * * LOW HITPOINT WARNING * * *
You hold your ground!
The smoke demon gestures at you. Something smites you!
You die...
Kikubaaqudgha rasps: "You have failed me!
Welcome... death!"

. ## #. . .# #.# . #
### .. ..### .#.
###.. ... ...# #.#
....##... ..#
#.###....#.#.#
#.###.#..# ##.#. #
#@#.#....### .....
#.9#4.W○.##....##. .
...#..#.3.○##
§..#..#.
#..5.....#...§...###
..
.....#...##.#####.
##.# #...####.#.#..
......# #... #...
#.. .###.# #. ..#.
... #.# . ##.## ##
.#


You could see a smoke demon, a wraith, a quasit, a friendly hellwing (summoned)
and a friendly guardian golem (summoned).

Vanquished Creatures
  Pikel (D:5)
  A water moccasin (D:5)
  A small abomination (Abyss:2)
  A sky beast (D:7)
  2 ogres
  2 ice beasts
  Blork the orc (D:5)
  4 kobold brigands
  2 bullfrogs
  4 killer bees
  3 howler monkeys (D:7)
  A jelly (D:5)
  6 orc priests
  3 hounds
  5 iguanas
  2 orc wizards
  8 gnolls
  8 adders
  2 white imps
  An ufetubus (D:6)
  A worm (D:3)
  16 orcs
  4 ball pythons
  3 bats
  8 endoplasms
  4 goblins
  4 hobgoblins
  6 quokkas
  18 kobolds
  3 rats
125 creatures vanquished.

Vanquished Creatures (collateral kills)
  Prince Ribbit (D:5)
  An ice beast (D:7)
  A phantom (D:5)
  A bullfrog (D:7)
  A scorpion (D:7)
  A jelly (D:7)
  Crazy Yiuf (D:2)
  A sleepcap (D:4)
  3 adders
  5 worms (D:2)
  A dart slug (D:4)
  5 orcs (D:4)
  A bat (D:1)
  3 endoplasms
  A giant cockroach (D:2)
  7 hobgoblins
  A jackal (D:2)
  A quokka (D:2)
  2 ball pythons
  A frilled lizard (D:2)
  7 kobolds
  A rat (D:2)
47 creatures vanquished.

Vanquished Creatures (others)
  Sigmund (D:6)
  Duvessa (D:6)
  A water moccasin (D:7)
  3 orc warriors
  A lemure (D:5)
  3 gnoll sergeants
  A bullfrog (D:6)
  Dowan (D:6)
  10 killer bees
  2 orc priests
  4 gnolls
  A white imp (D:7)
  4 orcs
  2 starspawn tentacles (Abyss:2)
35 creatures vanquished.

Grand Total: 207 creatures vanquished

Notes
Turn   | Place    | Note
-------+----------+-------------------------------------------
     0 | D:1      | Daunt the Demonspawn Summoner began the quest for the Orb.
     0 | D:1      | Reached XP level 1. HP: 13/13 MP: 3/3
   535 | D:1      | Reached skill level 1 in Fighting
   553 | D:1      | Found a faded altar of an unknown god.
   618 | D:1      | Gained mutation: Your demonic aura sometimes causes spilled
                  | blood to erupt in flames. [demonic ancestry]
   618 | D:1      | Reached XP level 2. HP: 21/21 MP: 5/5
   919 | D:2      | Learned a level 2 spell: Call Imp
  1038 | D:2      | Reached XP level 3. HP: 27/27 MP: 0/6
  1176 | D:2      | Reached skill level 2 in Fighting
  1251 | D:2      | Found a runed translucent door.
  1255 | D:2      | Noticed Crazy Yiuf
  1601 | D:2      | Gained mutation: A weak demonic guardian rushes to your
                  | aid. [demonic ancestry]
  1601 | D:2      | Reached XP level 4. HP: 33/33 MP: 3/7
  2194 | D:2      | Killed Crazy Yiuf
  2195 | D:2      | Reached skill level 5 in Summonings
  2199 | D:2      | Learned a level 3 spell: Call Canine Familiar
  2358 | D:3      | You fall into a shaft and drop 1 floor!
  2888 | D:4      | Gained mutation: Your demonic aura often causes spilled
                  | blood to erupt in flames. [demonic ancestry]
  2888 | D:4      | Reached XP level 5. HP: 36/38 MP: 8/8
  3038 | D:4      | Identified the +5 mace of Noxious Defence {freeze, Int+3}
  3228 | D:4      | Reached skill level 1 in Hexes
  3300 | D:4      | Gained mutation: You have sharp fingernails. [demonic
                  | ancestry]
  3300 | D:4      | Reached XP level 6. HP: 44/44 MP: 4/9
  3304 | D:4      | Learned a level 3 spell: Summon Guardian Golem
  3724 | D:4      | Found a staircase to the Ecumenical Temple.
  3851 | D:5      | Entered Level 5 of the Dungeon
  3933 | D:5      | Reached skill level 3 in Fighting
  3968 | D:5      | Noticed Pikel
  4065 | D:5      | Noticed Prince Ribbit
  4087 | D:5      | Killed Prince Ribbit
  4088 | D:5      | Reached skill level 5 in Fighting
  4088 | D:5      | Reached XP level 7. HP: 56/56 MP: 1/10
  4195 | D:5      | Noticed Blork the orc
  4211 | D:5      | Killed Blork the orc
  4212 | D:5      | Reached skill level 1 in Armour
  4239 | D:5      | Found Mehenun's Book Emporium.
  4286 | D:5      | Killed Pikel
  4287 | D:5      | Reached skill level 6 in Fighting
  4287 | D:5      | Reached XP level 8. HP: 64/64 MP: 4/12
  4520 | Temple   | Entered the Ecumenical Temple
  4564 | Temple   | Became a worshipper of Kikubaaqudgha
  4647 | D:5      | Identified the +1 leather armour of the Last Mice {rCorr
                  | Str-5 Dex+4}
  4910 | D:5      | Found an ornate altar of the Wu Jian Council.
  4948 | D:5      | Reached skill level 7 in Fighting
  5165 | D:6      | Noticed Sigmund
  5259 | D:6      | Killed Sigmund
  5260 | D:6      | Reached skill level 8 in Fighting
  5408 | D:6      | Noticed Duvessa
  5415 | D:6      | Noticed Dowan
  5423 | D:6      | Killed Dowan
  5427 | D:6      | Killed Duvessa
  5428 | D:6      | Reached XP level 9. HP: 75/75 MP: 8/13
  5513 | D:6      | Reached skill level 9 in Fighting
  5724 | D:6      | Reached skill level 1 in Polearms
  6048 | D:7      | Reached * piety under Kikubaaqudgha
  6048 | D:7      | Received a gift from Kikubaaqudgha
  6051 | D:7      | Learned a level 1 spell: Necrotise
  6056 | D:7      | Reached skill level 1 in Necromancy
  6598 | D:7      | Reached skill level 5 in Necromancy
  6908 | D:8      | Reached ** piety under Kikubaaqudgha
  7109 | D:8      | Gained mutation: A demonic guardian rushes to your aid.
                  | [demonic ancestry]
  7109 | D:8      | Reached XP level 10. HP: 83/83 MP: 9/16
  7242 | D:8      | Reached skill level 5 in Polearms
  7328 | D:8      | Reached skill level 1 in Shields
  7335 | D:8      | Got the Book of Tectonic Direction
  7383 | D:8      | Found a stormy altar of Qazlal.
  7709 | D:8      | Found Xiazia's Antique Weapon Shoppe.
  8260 | Abyss:1  | Cast into level 1 of the Abyss (orc wizard)
  8321 | Abyss:1  | Noticed a worldbinder
  8350 | Abyss:1  | Noticed a smoke demon
  8355 | Abyss:1  | Noticed a smoke demon
  8361 | Abyss:1  | Noticed a lich
  8363 | Abyss:1  | Noticed a worldbinder
  8403 | Abyss:1  | Noticed an eidolon
  8421 | Abyss:1  | Noticed a tentacled starspawn
  8461 | Abyss:2  | Noticed a worldbinder
  8465 | Abyss:2  | Noticed a black mamba
  8465 | Abyss:2  | Noticed a black mamba
  8561 | Abyss:2  | Noticed a large abomination
  8566 | Abyss:2  | Noticed a reaper
  8630 | Abyss:2  | Noticed a demonic crawler
  8641 | Abyss:2  | Noticed a worldbinder
  8642 | Abyss:2  | Noticed a tentacled starspawn
  8642 | Abyss:2  | Noticed a tentacled starspawn
  8668 | Abyss:2  | Noticed a cyan ugly thing
  8668 | Abyss:2  | Noticed a glowing orange brain
  8740 | Abyss:2  | Noticed a starcursed mass
  8751 | Abyss:2  | Noticed a thrashing horror
  8774 | Abyss:2  | Noticed a starcursed mass
  8774 | Abyss:2  | Noticed a smoke demon
  8780 | Abyss:2  | HP: 1/83 [thrashing horror (4)]
  8780 | Abyss:2  | Killed from afar by a smoke demon

Illustrated notes

Levels and vault maps discovered:
D:1:      minmay_arrival_split_and_join, layout_loops_ring,
          hellmonk_ecumenical_altar_arch_garden
D:2:      kennysheep_six_static_rooms, layout_basic, patterned_corridor,
          uniq_crazy_yiuf_cottage
D:3:      layout_loops_ring, grunt_ministairs_11
D:4:      layout_loops_ring, minmay_temple_entry_from_below_a
D:5:      layout_basic, pdpol_wu_jian_five_deadly_venoms, serial_shops, shop,
          uniq_blork_the_orc, uniq_pikel, uniq_prince_ribbit1
D:6:      layout_loops_ring, uniq_duvessa, uniq_sigmund
D:7:      layout_basic
D:8:      layout_cave_pods, nicolae_qazlal_general_emergency, serial_shops, shop
D:9:      layout_gridville, fedhas_altar_fruit_tree, hiddenorc1_lemuel
Temple:   nicolae_temple_bog_church
Abyss:2:  base: D:5, evilmike_abyss_exit_12, hangedman_classic_abyss_death,
          evilmike_abyss_exit_9, lemuel_flamethrower_3, abyss_greek_temple,
          hangedman_abyss_batty_box, hangedman_classic_abyss_death,
          hangedman_abyss_or_decor_passed

Skill      XL: |  1  2  3  4  5  6  7  8  9 10 |
---------------+-------------------------------+-----
Stealth        | 2 3 4 |  4.2
Fighting       | 1 2 5 6 8 9 |  9.1
Summonings     | 5 6 |  6.0
Hexes          | 2 3 |  3.0
Dodging        | 3 |  3.0
Armour         | 2 |  2.0
Spellcasting   | 3 4 |  4.0
Polearms       | 4 5 |  5.1
Necromancy     | 5 |  5.0
Shields        | 3 |  3.1

Action                     |  1- 3 |  4- 6 |  7- 9 | 10-12 || total
---------------------------+-------+-------+-------+-------++-------
  Melee: Unarmed           |    14 |       |       |       ||    14
         Whip              |    41 |    24 |       |       ||    65
         Quarterstaff      |       |    60 |    37 |       ||    97
         Spear             |       |       |   100 |    66 ||   166
   Cast: Summon Small Mamm |    44 |    22 |    26 |    10 ||   102
         Call Imp          |     9 |    13 |     4 |     1 ||    27
         Call Canine Famil |       |     8 |    13 |     4 ||    25
         Summon Guardian G |       |       |    21 |    12 ||    33
         Necrotise         |       |       |    13 |       ||    13
    Use: Scroll            |       |     4 |     1 |     4 ||     9
   Stab: Sleeping          |     1 |     6 |     6 |       ||    13
         Distracted        |     1 |       |     1 |       ||     2
 Armour: Robe              |    19 |    24 |    24 |       ||    67
         Leather armour    |       |       |     7 |    23 ||    30
  Dodge: Dodged            |    32 |    44 |    54 |    33 ||   163
  Block: Buckler           |       |       |       |     9 ||     9
